 Dungeon Crawl Stone Soup version 0.31-a0-217-g58bb5d79cf (webtiles) character file.

Game seed: 1845518238275516233

8569 Losyloc the Thaumaturge (level 11, -9/72 HPs)
             Began as an Octopode Chaos Knight on July 2, 2023.
             Was a Plaything of Xom.
             Mangled by a five-headed hydra (13 damage)
             ... on level 10 of the Dungeon.
             The game lasted 01:32:59 (11010 turns).

Losyloc the Thaumaturge (Octopode Chaos Knight)    Turns: 11010, Time: 01:33:06

Health: -9/72      AC:  3    Str: 13 (14) XL:     11   Next: 32%
Magic:  25/25      EV: 18    Int: 31 (32) God:    Xom [..*...]
Gold:   1096       SH:  0    Dex:  7 (8)  Spells: 16/27 levels left

rFire   + . .        k - +7 whip "Viagg" {venom, rElec rF+ SInv}
rCold   + . .        (no shield)
rNeg    . . .        (helmet restricted)
rPois   .            J - amulet of magic regeneration
rElec   +            p - +5 ring of evasion
rCorr   .            t - +6 ring of intelligence
SInv    +            y - ring of wizardry
Will    .....        (no ring)
Stlth   ++++         (no ring)
HPRegen 0.32/turn    (no ring)
MPRegen 0.59/turn    (no ring)
                     (no ring)

%: clarity, wizardry (x1)
@: no status effects
A: almost no armour, amphibious, 8 rings, camouflage 1, gelatinous body 1,
(nimble swimmer 1), tentacles, tentacle spike 1, iridescent scales 1, clarity,
clever 2, cold resistance 1, deterioration 1, high MP 1, strong 1, noise
suppression
a: Renounce Religion


You were on level 10 of the Dungeon.
You worshipped Xom.
You were a toy of Xom.
You visited 1 branch of the dungeon, and saw 11 of its levels.
You also visited: Bailey.

You collected 1096 gold pieces.

Inventory:

Hand Weapons
 k - the +7 whip "Viagg" (weapon) {venom, rElec rF+ SInv}
   (You found it on level 2 of the Dungeon)

   rF:        It protects you from fire.
   rElec:     It insulates you from electricity.
   SInv:      It lets you see invisible.
 s - a +4 dagger of venom
Missiles
 j - 4 atropa-tipped darts
 x - 11 poisoned darts
 E - 2 throwing nets
 G - 5 silver javelins
Magical Staves
 m - the staff of the Extremes {rC+ Will+ Str+2 Stlth+ Ice}
   (You found it on level 3 of the Dungeon)

   [staff of cold]

   Base accuracy: +5 Base damage: 5 Base attack delay: 1.2 This weapon's minimum
   attack delay (0.6) is reached at skill level 12.
   Str:       It affects your strength (+2).
   rC:        It protects you from cold.
   Ice:       It increases the power of your Ice spells.
   Will:      It increases your willpower.
   Stlth:     It makes you more stealthy.
   It falls into the 'Staves' category.
   It is a one-tentacled weapon.
Jewellery
 p - a +5 ring of evasion (left tentacle)
 t - a +6 ring of intelligence (right tentacle)
 u - an amulet of regeneration
 y - a ring of wizardry (on tentacle)
 J - an amulet of magic regeneration (around mantle)
Wands
 C - a wand of light (4)
 H - a wand of flame (3)
 I - a wand of mindburst (11)
 K - a wand of digging (8)
 L - a wand of polymorph (2) (quivered)
Scrolls
 b - 2 scrolls of enchant weapon {unknown}
 c - 7 scrolls of teleportation {unknown}
 d - 2 scrolls of blinking {unknown}
 e - 2 scrolls of poison {unknown}
 g - 3 scrolls of fog {unknown}
 i - a scroll of enchant armour {unknown}
 l - 3 scrolls of revelation {unknown}
 o - a scroll of amnesia {unknown}
 r - 3 scrolls of brand weapon {unknown}
 w - 2 scrolls of fear {unknown}
 D - 2 scrolls of silence {unknown}
 M - a scroll of immolation {unknown}
Potions
 f - 4 potions of heal wounds
 h - 6 potions of curing
 n - 3 potions of attraction
 q - 3 potions of magic
 v - 3 potions of degeneration
 z - 2 potions of might
 A - a potion of mutation
 B - 2 potions of lignification
 F - a potion of berserk rage
 N - a potion of resistance {unknown}
Miscellaneous
 a - a piece from Xom's chessboard (15/15)


   Skills:
 + Level 5.2 Fighting
 + Level 4.9 Dodging
 + Level 5.9 Stealth
 - Level 3.0 Unarmed Combat
 + Level 8.5 Spellcasting
 + Level 6.7 Conjurations
 + Level 6.7 Fire Magic
 - Level 6.0 Air Magic
 - Level 6.0 Poison Magic


You had 16 spell levels left.
You knew the following spells:

 Your Spells              Type           Power      Damage    Failure   Level
a - Foxfire               Conj/Fire      100%       2x1d9     1%          1
b - Mephitic Cloud        Conj/Pois/Air  51%        N/A       1%          3
c - Blink                 Tloc           26%        N/A       2%          2
d - Fireball              Conj/Fire      26%        3d12      2%          5

Your spell library contained the following spells:

 Spells                   Type           Power      Damage    Failure   Level
 Magic Dart               Conj           100%       1d8       1%          1
 Slow                     Hex            52%        N/A       1%          1
 Sting                    Tmut/Pois      100%       1d8       1%          1
 Momentum Strike          Conj/Tloc      68%        3d9       1%          2
 Inner Flame              Hex/Fire       34%        N/A       1%          3
 Flame Wave               Conj/Fire      53%        2d13      1%          4
 Sticky Flame             Conj/Fire      53%        2d7       1%          4
 Call Imp                 Summ           26%        N/A       2%          2
 Lesser Beckoning         Tloc           26%        N/A       2%          2
 Confusing Touch          Hex            13%        N/A       4%          3
 Gell's Gravitas          Tloc           13%        N/A       4%          3
 Teleport Other           Tloc           13%        N/A       4%          3
 Vampiric Draining        Necr           13%        2d6       4%          3
 Irradiate                Conj/Tmut      17%        3d17      11%         5
 Alistair's Intoxication  Tmut/Pois      20%        N/A       12%         5
 Plasma Beam              Fire/Air       26%        2x1d38    16%         6
 Starburst                Conj/Fire      26%        6d8       16%         6
 Borgnjor's Vile Clutch   Necr/Erth      6%         N/A       38%         5
 Eringya's Noxious Bog    Tmut/Pois      15%        N/A       52%         6
 Dispersal                Tloc           6%         N/A       90%         6
 Fire Storm               Conj/Fire      26%        8d7       100%        9


Dungeon Overview and Level Annotations

Branches:
Dungeon (11/15)            Temple (0/1) D:6            Lair (0/5) D:9
 Bailey (visited)
    Orc: D:9-12

Altars:
Cheibriados
Elyvilon
Okawaru
Qazlal
Ru

Shops:
D:3 (   D:6 [


Innate Abilities, Weirdness & Mutations

You cannot wear most types of armour.
You are amphibious.
You can wear up to eight rings at the same time.
Your skin changes colour to match your surroundings (Stealth+).
Your rubbery body absorbs attacks. (AC +1, EV +1)
((You are camouflaged when in or above water. (Stealth+)))
You have tentacles for arms and can constrict up to eight enemies at once.
One of your tentacles bears a spike.
You are partially covered in iridescent scales. (AC +2)
You possess an exceptional clarity of mind.
Your mind is very acute. (Int +8, Str/Dex -2)
Your flesh is cold resistant. (rC+)
Your body sometimes deteriorates upon taking damage.
You have an increased reservoir of magic. (+10% MP)
Your muscles are strong. (Str +4, Int/Dex -1)
You passively dampen the noise of your surroundings.


Message History

Casting: Foxfire (safe; 1% risk of failure)
Confirm with . or Enter, or press ? or * to list all spells.
You conjure some foxfire!
The foxfire hits the gnoll sergeant.
The gnoll sergeant is severely wounded.
The foxfire hits the gnoll sergeant but does no damage.
The gnoll sergeant is severely wounded.
Found a hand axe.
The foxfire hits the gnoll sergeant.
The gnoll sergeant is almost dead.
The foxfire hits the gnoll sergeant.
The gnoll sergeant is almost dead.
Casting: Foxfire (safe; 1% risk of failure)
Confirm with . or Enter, or press ? or * to list all spells.
You conjure some foxfire!
The foxfire hits the gnoll sergeant.
You kill the gnoll sergeant!
The foxfire hits the five-headed hydra!
The five-headed hydra is lightly wounded.
Found a brown potion.
You see here a brown potion.
There is a stone staircase leading down here.
You climb downwards.
Found a scroll labelled XEONWAC VISI.
There is a stone staircase leading up here.
You start resting.
Magic restored.
You climb upwards.
The five-headed hydra bites you. The five-headed hydra bites you!
Your body deteriorates!
You feel dopey.
The five-headed hydra barely misses you.
The five-headed hydra bites you! x2
Your body deteriorates!
You feel clumsy. The five-headed hydra bites you!
* * * LOW HITPOINT WARNING * * *
The five-headed hydra bites you!
* * * LOW HITPOINT WARNING * * *
The five-headed hydra misses you. The five-headed hydra bites you.
* * * LOW HITPOINT WARNING * * *
The five-headed hydra bites you!
You die...
Xom chortles!

#..).##.. #. #....#..## .###.
##........# ..... #....!.....
..............## #..........
........[........#####..........
............ #................
............## ##......!.........
.............###@..#..##.....#...
.......#........D..#...###.###...
..................###.###........
..................# #..#.........
...#§≈≈≈≈§#......####...)........
..#§§~~~~~§#...[..........#...##.
.#§≈~.#..~§≈..............##.....
.≈~~.[[#..~≈.....####.....##.....
.≈~..###..~≈....## #.............


You could see a five-headed hydra.

Vanquished Creatures
  A two-headed ogre (D:8)
  A troll (D:9)
  Sigmund (D:4)
  3 wyverns
  The ghost of GrimJard the Caller, an amateur FeSu of Gozag (D:5)
  3 yaks (D:8)
  Grum (Bailey)
  2 steam dragons (D:10)
  Edmund (D:5)
  2 water moccasins
  4 orc warriors
  5 ice beasts
  2 black bears
  6 sky beasts
  3 ogres
  8 wolves
  2 centaurs
  A kobold brigand (D:5)
  A bullfrog (D:7)
  11 gnoll sergeants
  2 scorpions (D:6)
  4 wights
  5 killer bees (D:9)
  2 howler monkeys
  2 electric eels (D:9)
  6 hounds
  3 jellies
  9 gnoll boudas
  5 orc priests
  5 iguanas
  Terence (D:2)
  8 orc wizards
  28 gnolls
  11 adders
  2 shadow imps
  2 white imps
  4 worms
  2 dart slugs
  46 orcs
  4 endoplasms
  6 giant cockroaches
  6 goblins
  5 hobgoblins
  6 jackals
  12 kobolds
  4 quokkas
  3 ball pythons
  4 bats
  4 frilled lizards
  3 rats
263 creatures vanquished.

Vanquished Creatures (collateral kills)
  A yak (D:8)
  A foxfire (Bailey)
2 creatures vanquished.

Vanquished Creatures (others)
  836 foxfires
836 creatures vanquished.

Grand Total: 1101 creatures vanquished

Notes
Turn   | Place    | Note
-------+----------+-------------------------------------------
     0 | D:1      | Losyloc the Octopode Chaos Knight began the quest for the
                  | Orb.
     0 | D:1      | Reached XP level 1. HP: 16/16 MP: 1/1
     4 | D:1      | XOM: silly message
    30 | D:1      | XOM: silly message
    82 | D:1      | Reached skill level 1 in Spellcasting
   142 | D:1      | Reached XP level 2. HP: 19/21 MP: 4/4
   187 | D:1      | XOM: smoke on damage
   211 | D:1      | XOM: silly message
   249 | D:1      | XOM: divination: detect creatures
   281 | D:1      | XOM is BORED!
   281 | D:1      | XOM: silly message
   297 | D:1      | XOM: silly message
   718 | D:1      | XOM: silly message
   810 | D:2      | Reached skill level 2 in Spellcasting
   879 | D:2      | Reached XP level 3. HP: 21/26 MP: 6/6
   895 | D:2      | XOM: silly message
   956 | D:2      | Identified the +7 whip "Viagg" {venom, rElec rF+ SInv}
  1284 | D:2      | Noticed Terence
  1286 | D:2      | XOM: divination: magic mapping
  1289 | D:2      | Killed Terence
  1290 | D:2      | Reached skill level 3 in Spellcasting
  1290 | D:2      | Reached XP level 4. HP: 28/31 MP: 8/8
  1369 | D:2      | Found a faded altar of an unknown god.
  1736 | D:2      | XOM: silly message
  1910 | D:3      | Reached skill level 4 in Spellcasting
  1910 | D:3      | Reached XP level 5. HP: 25/36 MP: 9/11
  1993 | D:3      | XOM: silly message
  2169 | D:3      | Identified the staff of the Extremes {rC+ Will+ Str+2
                  | Stlth+ Ice}
  2267 | D:3      | XOM: give mutations
  2267 | D:3      | Gained mutation: You passively dampen the noise of your
                  | surroundings. [Xom's mischief]
  2267 | D:3      | Gained mutation: You have an increased reservoir of magic.
                  | (+10% MP) [Xom's mischief]
  2267 | D:3      | Gained mutation: Your spells are a little harder to cast,
                  | but a little more powerful. [Xom's mischief]
  2430 | D:3      | Found a transporter.
  2430 | D:3      | Found Peirio's Weapon Emporium.
  2432 | D:3      | Found a transporter.
  2581 | D:3      | You fall into a shaft and drop 3 floors!
  2584 | D:6      | Noticed a black bear
  2584 | D:6      | Noticed a centaur
  2616 | D:6      | Noticed a sky beast
  2630 | D:6      | XOM: summons 3 friendly demons
  2632 | D:6      | Killed a sky beast
  2633 | D:6      | Reached skill level 5 in Spellcasting
  2633 | D:6      | Reached XP level 6. HP: 17/42 MP: 13/15
  2675 | D:6      | XOM: cast spell 'Death Channel'
  2704 | D:6      | XOM: scenery: 1 doors close
  2795 | D:6      | Reached skill level 6 in Spellcasting
  2845 | D:6      | Reached XP level 7. HP: 46/46 MP: 18/18
  2902 | D:6      | Learned a level 1 spell: Foxfire
  2904 | D:5      | Entered Level 5 of the Dungeon
  2907 | D:5      | XOM: repel stairs
  2914 | D:5      | Reached skill level 1 in Conjurations
  2914 | D:5      | Reached skill level 1 in Fire Magic
  3004 | D:5      | XOM: cleaving
  3022 | D:4      | XOM: give mutations
  3022 | D:4      | Lost mutation: Your spells are a little harder to cast, but
                  | a little more powerful. [Xom's mischief]
  3022 | D:4      | Gained mutation: One of your tentacles bears a spike.
                  | [Xom's mischief]
  3151 | D:4      | Reached skill level 7 in Spellcasting
  3217 | D:4      | Found a stormy altar of Qazlal.
  3417 | D:4      | XOM: silly message
  3468 | D:4      | XOM: enchant monster (bad)
  3503 | D:4      | XOM: give mutations
  3503 | D:4      | Gained mutation: You possess an exceptional clarity of
                  | mind. [Xom's grace]
  3503 | D:4      | Gained mutation: You are partially covered in large bone
                  | plates. (SH +4) [Xom's grace]
  3503 | D:4      | Gained mutation: Your spells are a little harder to cast,
                  | but a little more powerful. [Xom's grace]
  3503 | D:4      | Gained mutation: Your mind is acute. (Int +4, Str/Dex -1)
                  | [Xom's grace]
  3703 | D:4      | XOM: scenery: summon butterflies
  3908 | D:4      | XOM: confuse monster(s)
  3911 | D:4      | Reached XP level 8. HP: 52/52 MP: 14/20
  3945 | D:4      | Noticed Sigmund
  3952 | D:4      | Killed Sigmund
  3977 | D:4      | XOM: cloud trail
  4222 | D:4      | XOM: give mutations
  4222 | D:4      | Gained mutation: Your muscles are strong. (Str +4, Int/Dex
                  | -1) [Xom's grace]
  4222 | D:4      | Gained mutation: You have hidden genetic potential. [Xom's
                  | grace]
  4222 | D:4      | Gained mutation: Your mind is very acute. (Int +8, Str/Dex
                  | -2) [Xom's grace]
  4373 | D:5      | XOM is BORED!
  4373 | D:5      | XOM: give mutations
  4373 | D:5      | Lost mutation: Your spells are a little harder to cast, but
                  | a little more powerful. [Xom's mischief]
  4373 | D:5      | Lost mutation: You are partially covered in large bone
                  | plates. (SH +4) [Xom's mischief]
  4394 | D:5      | XOM: confuse monster(s)
  4438 | D:5      | Found a snail-covered altar of Cheibriados.
  4458 | D:5      | Learned a level 3 spell: Mephitic Cloud
  4482 | D:5      | Noticed Edmund
  4487 | D:5      | XOM: cleaving
  4500 | D:5      | Killed Edmund
  4501 | D:5      | Reached skill level 1 in Air Magic
  4501 | D:5      | Reached skill level 1 in Poison Magic
  4664 | D:5      | Noticed GrimJard's ghost (amateur FeSu)
  4703 | D:5      | XOM: scenery: summon butterflies
  4738 | D:5      | XOM: smoke on damage
  4749 | D:5      | XOM: confuse monster(s)
  4782 | D:5      | XOM: 1-stop teleportation journey
  4858 | D:5      | Identified the +0 hand axe "Fish" {venom, rElec rC+ Int+2}
  4924 | D:5      | Found a runed translucent door.
  4937 | D:5      | XOM: noise
  4945 | D:5      | Killed GrimJard's ghost
  4946 | D:5      | Reached XP level 9. HP: 48/56 MP: 12/22
  5261 | D:6      | Found a staircase to the Ecumenical Temple.
  5281 | D:6      | XOM: polymorph gnoll -> iguana
  5304 | D:6      | Gained mutation: You are partially covered in iridescent
                  | scales. (AC +2) [hidden potential]
  5413 | D:6      | XOM: 1-stop teleportation journey
  5547 | D:6      | Found Ytozuani's Armour Shop.
  5668 | D:6      | Learned a level 2 spell: Blink
  5733 | D:6      | XOM: stat loss: -1 Str (12/13)
  5800 | D:6      | Reached skill level 5 in Conjurations
  6206 | D:7      | Found a flagged portal.
  6222 | Bailey   | Entered a bailey
  6227 | Bailey   | Reached skill level 5 in Fire Magic
  6525 | Bailey   | XOM: summons 2 hostile shadow creatures
  6669 | Bailey   | XOM: polymorph gnoll bouda -> worm
  6687 | Bailey   | Reached skill level 8 in Spellcasting
  6690 | Bailey   | XOM: chaos cloud
  6790 | Bailey   | XOM: smoke on damage
  6790 | Bailey   | XOM: torment (29/56 hp)
  6831 | Bailey   | Got Uzeluoh's Cyclopedia of Variable Causimancy
  6865 | Bailey   | Reached skill level 5 in Poison Magic
  6866 | Bailey   | Reached XP level 10. HP: 59/63 MP: 12/24
  6874 | Bailey   | Noticed Grum
  6877 | Bailey   | XOM: noise
  6892 | Bailey   | Killed Grum
  6902 | Bailey   | Gained mutation: Your spells are a little harder to cast,
                  | but a little more powerful. [hidden potential]
  6902 | Bailey   | Lost mutation: You have hidden genetic potential. [hidden
                  | potential expressed]
  7149 | D:7      | XOM: enchant monster (bad)
  7266 | D:7      | Reached skill level 1 in Stealth
  7266 | D:7      | Reached skill level 5 in Air Magic
  7270 | D:7      | XOM: blink monster(s)
  7287 | D:7      | XOM: noise
  7616 | D:7      | XOM: silly message
  8056 | D:8      | XOM: silly message
  8338 | D:8      | Noticed a two-headed ogre
  8353 | D:8      | Killed a two-headed ogre
  8491 | D:8      | XOM: divination: magic mapping
  8554 | D:8      | XOM: silly message
  8692 | D:8      | Found a sacrificial altar of Ru.
  8733 | D:8      | XOM: repel stairs
  8887 | D:8      | XOM: cast spell 'Summon Cactus Giant'
  9076 | D:8      | XOM: give mutations
  9076 | D:8      | Lost mutation: Your spells are a little harder to cast, but
                  | a little more powerful. [Xom's mischief]
  9076 | D:8      | Gained mutation: Your body sometimes deteriorates upon
                  | taking damage. [Xom's mischief]
  9076 | D:8      | Gained mutation: Your flesh is cold resistant. (rC+) [Xom's
                  | mischief]
  9291 | D:9      | Found a staircase to the Lair.
  9301 | D:9      | Reached XP level 11. HP: 61/70 MP: 21/25
  9338 | D:9      | Reached skill level 5 in Stealth
  9490 | D:9      | Found an iron altar of Okawaru.
  9622 | D:9      | XOM: silly message
  9785 | D:9      | Found a white marble altar of Elyvilon.
  9794 | D:9      | Reached skill level 5 in Fighting
 10031 | D:9      | XOM: silly message
 10178 | D:9      | Identified the +11 war axe "Lotais" {drain, rC+ Str+2
                  | Dex+4}
 10828 | D:10     | Entered Level 10 of the Dungeon
 10836 | D:10     | Learned a level 5 spell: Fireball
 10882 | D:10     | XOM: divination: magic mapping
 10936 | D:10     | Identified the +2 scale mail "Faumm" {Fly Will- Dex+5}
 10977 | D:10     | Noticed a five-headed hydra
 11010 | D:10     | Mangled by a five-headed hydra

Illustrated notes

Levels and vault maps discovered:
D:1:      dpeg_arrival_orchard, layout_basic, minmay_pentomino_u4
D:2:      layout_basic, hellmonk_ecumenical_altar_crossroads, uniq_terence
D:3:      layout_loops_ring, serial_shops, nicolae_shop_drivethru,
          serial_bayou_crossing
D:4:      layout_basic, mainiacjoe_overflow_small_starburst, uniq_sigmund
D:5:      minmay_diamond_boxcup, layout_cave_pools, cheibriados_altar_1,
          hellmonk_ghost_happy_afterlife, uniq_edmund
D:6:      layout_basic, minmay_temple_entry_steel_oval, serial_shops, shop,
          kennysheep_small_circle
D:7:      layout_basic, enter_bailey_4, enter_ossuary_5, lemuel_flamethrower_2
D:8:      layout_basic, mainiacjoe_overflow_concentric_impassable,
          hangedman_minor_gate_pass
D:9:      layout_grid_maze, nicolae_overflow_crystal_walls,
          mainiacjoe_overflow_paths, erik_lair_island
D:10:     layout_cave_pools, dreamdust_mushroom_princess,
          kennysheep_cross_bottleneck, hangedman_misty_isle
D:11:     cheibrodos_barr_body, layout_basic, david_orc_3

Skill      XL: |  1  2  3  4  5  6  7  8  9 10 11 |
---------------+----------------------------------+-----
Spellcasting   | 1 2 3 4 5 6 7 8 |  8.5
Conjurations   | 2 4 5 6 |  6.7
Fire Magic     | 2 4 5 6 |  6.7
Air Magic      | 2 4 6 |  6.0
Poison Magic   | 2 5 6 |  6.0
Stealth        | 4 5 |  5.9
Dodging        | 4 |  4.9
Fighting       | 4 5 |  5.2
Unarmed Combat | |  3.0

Action                     |  1- 3 |  4- 6 |  7- 9 | 10-12 || total
---------------------------+-------+-------+-------+-------++-------
  Melee: Unarmed           |    39 |       |       |       ||    39
         Tentacles         |    13 |    13 |    27 |    15 ||    68
         Constrict         |    10 |    11 |    33 |    17 ||    71
         Punch             |     3 |     3 |     5 |     2 ||    13
         Whip              |    16 |    71 |   127 |    73 ||   287
         Kick              |       |       |    44 |    30 ||    74
  Throw: Throwing net      |       |       |       |     1 ||     1
   Cast: Foxfire           |       |       |   196 |   335 ||   531
         Mephitic Cloud    |       |       |     8 |     5 ||    13
         Blink             |       |       |     1 |       ||     1
         Fireball          |       |       |       |     7 ||     7
  Evoke: Piece from Xom's  |       |       |     1 |     4 ||     5
         Wand              |       |       |       |     1 ||     1
    Use: Scroll            |       |       |     7 |     2 ||     9
   Stab: Sleeping          |     3 |     5 |     5 |       ||    13
         Confused          |       |       |     3 |       ||     3
 Armour: Skin              |     4 |     6 |     5 |     4 ||    19
  Dodge: Dodged            |    32 |    52 |   182 |    97 ||   363

Table legend: (Time is in decaauts)
 A = Elapsed time spent in this place.
 B = Non-inter-level travel time spent in this place.
 C = Inter-level travel time spent in this place.
 D = Time resting spent in this place.
 E = Time spent auto-exploring this place.
 F = Levels seen in this place.
 G = Mean time per level.
                   A        B        C        D        E       F      G
               +--------+--------+--------+--------+--------+-----+--------+
         Total |  11031 |  11030 |      1 |   1690 |   7044 |  12 |  919.2 |
       Dungeon |  10172 |  10171 |      1 |   1339 |   6792 |  11 |  924.7 |
        Bailey |    859 |    859 |      0 |    351 |    252 |   1 |  859.0 |
               +--------+--------+--------+--------+--------+-----+--------+

Top non-repeatable levels by time:
     D:9: 1645 daAuts
     D:8: 1377 daAuts
     D:4: 1357 daAuts
     D:6: 1233 daAuts
     D:2: 1034 daAuts
     D:5: 989 daAuts
  Bailey: 859 daAuts
     D:7: 801 daAuts
     D:1: 796 daAuts
     D:3: 754 daAuts
    D:10: 171 daAuts
    D:11: 10 daAuts
